 Dungeon Crawl Stone Soup version 0.30-a0-393-g54b8e3be05 (webtiles) character file.

Game seed: 7629110636257308151

1117 lunkers the Carver (level 8, -2/63 HPs)
             Began as a Meteoran Fighter on Dec 5, 2022.
             Was a Believer of Makhleb.
             Slain by a vampire (9 damage)
             ... on level 6 of the Dungeon.
             The game lasted 00:06:46 (2040 turns).

lunkers the Carver (Meteoran Fighter)               Turns: 2040, Time: 00:06:47

Health: -2/63      AC: 14    Str: 17    XL:     8   Next: 91%
Magic:  18/18      EV:  9    Int: 10    God:    Makhleb [**....]
Gold:   226        SH:  6    Dex: 16    Spells: 7/7 levels left

rFire   . . .      SeeInvis .    a - +0 long sword
rCold   . . .      Faith    .    c - +1 buckler
rNeg    . . .      Spirit   .    b - +0 scale mail
rPois   .          Reflect  .    u - +2 helmet
rElec   .          Harm     .    (no cloak)
rCorr   .          Rampage  .    (no gloves)
Will    +....                    (no boots)
Stlth   ..........               (no amulet)
HPRegen 0.30/turn                e - +4 ring of protection
MPRegen 0.16/turn                g - ring of magical power

@: mighty, lethally poisoned (-2 -> -4), glowing
A: sense surroundings 1, otherworldly, glowing, explore regen
a: Renounce Religion, Minor Destruction


You were on level 6 of the Dungeon.
You worshipped Makhleb.
Makhleb was pleased with you.
You visited 1 branch of the dungeon, and saw 6 of its levels.

You collected 226 gold pieces.

Inventory:

Hand Weapons
 a - a +0 long sword (weapon)
Armour
 b - a +0 scale mail (worn)
 c - a +1 buckler (worn)
 u - a +2 helmet (worn)
Jewellery
 e - a +4 ring of protection (left hand)
 g - a ring of magical power (right hand)
 r - an amulet of faith
Scrolls
 h - a scroll of summoning
 k - 2 scrolls of identify
 s - a scroll of fear
Potions
 d - a potion of might
 i - 3 potions of curing
 j - a potion of berserk rage
 n - a potion of resistance
 q - 2 potions of haste
 v - a potion of flight
 w - a potion of attraction


   Skills:
 - Level 3.2 Fighting
 + Level 11.6 Long Blades
 - Level 3.6 Armour
 - Level 3.6 Shields


You had 7 spell levels left.
You didn't know any spells.
Your spell library contained the following spells:

 Spells                   Type           Power      Damage    Failure   Level
 Ensorcelled Hibernation  Hex/Ice        0%         N/A       94%         2
 Sublimation of Blood     Necr           0%         N/A       94%         2
 Wereblood                Tmut           0%         N/A       94%         2
 Spider Form              Tmut/Pois      0%         N/A       99%         3
 Tukima's Dance           Hex            0%         N/A       99%         3
 Anguish                  Hex/Necr       0%         N/A       100%        4
 Passage of Golubria      Tloc           0%         N/A       100%        4
 Yara's Violent Unravell  Hex/Tmut       0%         3d3       100%        5
 Summon Hydra             Summ           0%         N/A       100%        7


Dungeon Overview and Level Annotations

Branches:
Dungeon (6/15) Zot: 1536   Temple (0/1) D:5

Altars:
Ashenzari
Kikubaaqudgha
Makhleb
Nemelex Xobeh
Qazlal
Zin


Innate Abilities, Weirdness & Mutations

You passively map a small area around you.
You are easily found by Zot.
You glow in the dark.
You regain HP and MP as you explore.


Message History

You block the poisoned dart. Something hits you but does no damage.
Something bites you.
* * * LOW HITPOINT WARNING * * *
Something draws strength from your injuries!
You miss something. You block something's attack.
Something bites you but does no damage.
You hit something. Something hits you!
* * * LOW HITPOINT WARNING * * *
Something bites you but does no damage.
You barely miss something. Something hits you but does no damage.
Something bites you but does no damage.
Unknown command.
You miss something. Something hits you.
* * * LOW HITPOINT WARNING * * *
Something bites you but does no damage.
You hit something. Something hits you but does no damage.
You block something's attack.
You closely miss something. Something hits you.
* * * LOW HITPOINT WARNING * * *
Something bites you but does no damage.
You closely miss something. You slash something!
The kobold brigand throws a poisoned dart.
The poisoned dart hits you.
You are poisoned.
Something hits you.
* * * LOW HITPOINT WARNING * * *
Something bites you.
* * * LOW HITPOINT WARNING * * *
Something draws strength from your injuries!
You hit something but do no damage.
You feel sick. Something hits you but does no damage. Something bites you!
* * * LOW HITPOINT WARNING * * *
Something draws strength from your injuries!
You slash something!
You hear some strange, mumbled words.
Something tries to affect you, but you resist.
Unknown command.
You closely miss something.
You feel sick. Something hits you!
You die...

, * # * ,, . , , * * *, #
, * , * * , , ,, , > * ,
####*** * ## * *#..,, , ..
, # #.# * * * . ,,* #.*#@#
########## #
..###.##{###........# #
........K...........# #
*#####.)...........).#####
, .......................
#.##........#...........
.............#...........
,
.K....?).....#.........<.
,............#...........


You could see a kobold brigand.

Vanquished Creatures
  Sigmund (D:5)
  A water moccasin (D:6)
  Duvessa (D:5)
  An ogre (D:6)
  A phantom (D:6)
  A centaur (D:5)
  A bullfrog (D:5)
  A scorpion (D:6)
  Dowan (D:5)
  A howler monkey (D:4)
  An orc priest (D:6)
  A hound (D:5)
  An iguana (D:5)
  2 orc wizards
  3 gnolls (D:4)
  6 adders
  A white imp (D:6)
  2 worms (D:3)
  12 orcs
  4 endoplasms
  2 giant cockroaches
  8 goblins
  7 hobgoblins
  4 kobolds
  2 quokkas
  4 ball pythons
  2 ball python zombies (D:3)
  A bat (D:3)
  2 frilled lizards (D:1)
  2 giant cockroach zombies (D:3)
  5 rats
82 creatures vanquished.

Vanquished Creatures (others)
  A plant (D:4)
1 creature vanquished.

Grand Total: 83 creatures vanquished

Notes
Turn   | Place    | Note
-------+----------+-------------------------------------------
     0 | D:1      | lunkers the Meteoran Fighter began the quest for the Orb.
     0 | D:1      | Reached XP level 1. HP: 19/19 MP: 2/2
    71 | D:1      | Reached skill level 3 in Long Blades
    71 | D:1      | Reached XP level 2. HP: 24/26 MP: 3/3
   447 | D:2      | Reached skill level 4 in Long Blades
   447 | D:2      | Reached XP level 3. HP: 24/31 MP: 4/4
   652 | D:3      | Reached XP level 4. HP: 38/38 MP: 5/5
   772 | D:3      | Found a sparkling altar of Nemelex Xobeh.
   791 | D:3      | Reached skill level 5 in Long Blades
   799 | D:3      | Found a burning altar of Makhleb.
   836 | D:3      | Found an ancient bone altar of Kikubaaqudgha.
   847 | D:3      | Found a stormy altar of Qazlal.
   899 | D:3      | Became a worshipper of Makhleb the Destroyer
  1039 | D:4      | Reached XP level 5. HP: 45/45 MP: 6/6
  1077 | D:4      | Reached skill level 6 in Long Blades
  1183 | D:4      | Reached * piety under Makhleb
  1184 | D:4      | Reached XP level 6. HP: 51/51 MP: 7/7
  1368 | D:5      | Entered Level 5 of the Dungeon
  1378 | D:5      | Reached skill level 7 in Long Blades
  1500 | D:5      | Found a glowing silver altar of Zin.
  1518 | D:5      | Reached skill level 8 in Long Blades
  1518 | D:5      | Reached XP level 7. HP: 57/57 MP: 8/8
  1643 | D:5      | Noticed Duvessa
  1643 | D:5      | Noticed Dowan
  1654 | D:5      | Killed Duvessa
  1655 | D:5      | Reached skill level 9 in Long Blades
  1656 | D:5      | Killed Dowan
  1728 | D:5      | Noticed Sigmund
  1753 | D:5      | Killed Sigmund
  1754 | D:5      | Reached skill level 10 in Long Blades
  1754 | D:5      | Reached XP level 8. HP: 48/63 MP: 9/9
  1807 | D:5      | Found a broken altar of Ashenzari.
  1941 | D:6      | Reached skill level 11 in Long Blades
  1998 | D:6      | Noticed a vampire
  2021 | D:6      | Reached ** piety under Makhleb
  2040 | D:6      | Slain by a vampire

Illustrated notes

Levels and vault maps discovered:
D:1:      grunt_arrival_lava_bath, layout_rooms, minmay_tetromino_s4
D:2:      layout_loops_ring, hellmonk_ecumenical_altar_heavens_door
D:3:      layout_basic, nicolae_yredelemnul_corpse_copse,
          nicolae_overflow_quartered_altars, serial_shops, shop
D:4:      corexii_shack_village, layout_loops_ring
D:5:      layout_basic, ashenzari_conservatory_becter,
          mainiacjoe_overflow_brackets, minmay_temple_entry_statues_fountains,
          uniq_ijyb, uniq_sigmund, uniq_duvessa
D:6:      layout_basic, grunt_ministairs_14, solitary_fountain

Skill      XL: |  1  2  3  4  5  6  7  8 |
---------------+-------------------------+-----
Long Blades    | 3 4 5 6 8 10 11 | 11.6
Fighting       | |  3.2
Armour         | |  3.6
Shields        | |  3.6

Action                   |  1- 3 |  4- 6 |  7- 9 || total
-------------------------+-------+-------+-------++-------
Melee: Long sword        |    57 |   138 |   117 ||   312
  Use: Potion            |     1 |       |     2 ||     3
       Scroll            |       |       |    13 ||    13
Armor: Scale mail        |    26 |    67 |    81 ||   174
Dodge: Dodged            |    25 |    56 |    28 ||   109
Block: Buckler           |    11 |    37 |    19 ||    67

Table legend: (Time is in decaauts)
 A = Elapsed time spent in this place.
 B = Non-inter-level travel time spent in this place.
 C = Inter-level travel time spent in this place.
 D = Time resting spent in this place.
 E = Time spent auto-exploring this place.
 F = Levels seen in this place.
 G = Mean time per level.
                   A        B        C        D        E       F      G
               +--------+--------+--------+--------+--------+-----+--------+
         Total |   2062 |   1930 |    132 |      0 |   1249 |   6 |  343.7 |
       Dungeon |   2062 |   1930 |    132 |      0 |   1249 |   6 |  343.7 |
               +--------+--------+--------+--------+--------+-----+--------+

Top non-repeatable levels by time:
     D:5: 485 daAuts
     D:3: 443 daAuts
     D:1: 359 daAuts
     D:4: 318 daAuts
     D:2: 276 daAuts
     D:6: 179 daAuts
